 Dungeon Crawl Stone Soup version 0.18.1-50-g88ac8fd (webtiles) character file.

744 WhiskeyPanda the Skirmisher (level 7, -2/44 HPs)
             Began as a Gargoyle Monk on Sept 23, 2016.
             Was a Priest of Dithmenos.
             Splashed by a jelly's acid (7 damage)
             ... on level 5 of the Dungeon.
             The game lasted 00:28:07 (4547 turns).

WhiskeyPanda the Skirmisher (Gargoyle Monk)         Turns: 4547, Time: 00:28:08

Health: -2/44      AC: -2    Str: 16    XL:     7   Next: 76%
Magic:  0/7        EV: 10    Int: 11    God:    Dithmenos [***...]
Gold:   185        SH:  8    Dex: 12    Spells: 0 memorised, 6 levels left

rFire  . . .     SeeInvis .     q - +0 short sword (curse)
rCold  . . .     Gourm    .     j - +0 ring mail
rNeg   + . .     Faith    .     u - +0 shield
rPois  ∞         Spirit   +     f - +0 helmet
rElec  +         Dismiss  .     (no cloak)
rCorr  .         Reflect  .     h - +1 pair of gloves
SustAt .         Harm     .     (no boots)
MR     .....                    v - amulet of guardian spirit
Stlth  ++........               (no ring)
                                p - ring of wizardry

@: corroded, wreathed by umbra, not resistant to hostile enchantments,
unstealthy
A: negative energy resistance 1, electricity resistance, unbreathing,
petrification resistance, rot immunity, AC +4
a: Shadow Step, Renounce Religion


You were on level 5 of the Dungeon.
You worshipped Dithmenos.
Dithmenos was most pleased with you.
You were not hungry.

You visited 1 branch of the dungeon, and saw 5 of its levels.

You collected 185 gold pieces.

Inventory:

Hand Weapons
 k - a +2 hand axe of electrocution
 q - a cursed +0 short sword (weapon)
 w - a +0 morningstar of protection
 x - a +2 spear of freezing
Missiles
 e - 6 javelins (quivered)
 A - a throwing net
Armour
 f - a +0 helmet (worn)
 h - a +1 pair of gloves (worn)
 j - a +0 ring mail (worn)
 u - a +0 shield (worn)
Jewellery
 a - an uncursed amulet of harm
 o - a ring "Ivvikhlos" {Dex+4 SInv, unknown}
   (You found it on level 5 of the Dungeon)

   [ring of see invisible]

   It affects your dexterity (+4).
   It lets you see invisible.
 p - a ring of wizardry (left hand)
 t - an uncursed ring of poison resistance
 v - an amulet of guardian spirit (around neck)
Wands
 i - a wand of enslavement (11/24)
Scrolls
 b - a scroll of magic mapping
 m - 2 scrolls of immolation
 s - a scroll of teleportation
 y - a scroll of enchant weapon
Potions
 c - a potion of cure mutation {unknown}
 d - 2 potions of heal wounds {unknown}
 g - a potion of haste {unknown}
 l - a potion of ambrosia {unknown}
 n - 2 potions of flight {unknown}
 r - a potion of degeneration {unknown}


   Skills:
 + Level 5.0 Fighting
 + Level 0.5 Short Blades
 + Level 1.6 Axes
 + Level 1.4 Throwing
 + Level 3.7 Armour
 + Level 4.3 Dodging
 + Level 3.3 Stealth
 + Level 1.9 Shields
 + Level 4.6 Unarmed Combat


You had 6 spell levels left.
You didn't know any spells.

Dungeon Overview and Level Annotations

Branches:
Dungeon (5/15)
 Temple: D:4-7

Altars:
Dithmenos
Fedhas


Innate Abilities, Weirdness & Mutations

You are resistant to torment.
Your stone body is resilient (AC +4).
You are immune to poison.
You resist negative energy.
You are resistant to electric shocks.
You can survive without breathing.
You are immune to petrification.
You are immune to rotting.


Message History

You hit the jelly.
Your hands burn!
The jelly is lightly wounded.
The crimson imp blinks!
The jelly hits you but does no damage.
You hit the jelly but do no damage.
Your hands burn!
The jelly is lightly wounded.
The crimson imp blinks!
The jelly misses you.
You hit the jelly. The acid corrodes you!
Your hands burn!
The jelly is moderately wounded.
The jelly hits you.
You are splashed with acid!
The acid burns!
* * * LOW HITPOINT WARNING * * *
You are too injured to fight recklessly!
The crimson imp shouts, "Fly, thou horrid dismal-dreaming harpy!"
The crimson imp laughs crazily.
The crimson imp closely misses you.
The crimson imp blinks!
You block the jelly's attack.
The crimson imp blinks!
The jelly hits you.
* * * LOW HITPOINT WARNING * * *
You are splashed with acid!
The acid corrodes you!
The acid burns!
You die...

######5## #.......###
#.........# #.....$.#
# #.......#.#
#.......#.#
#..†......#
#....J.)### ####@####
#######. #.......#
#......# #.##.##.###
#.......
#.##......####..###..
#.#####.#...5.....#..
#.#####.######..#....
#....(§.# #..###..
######### #.......
##......


You could see a jelly.

Vanquished Creatures
  A hungry ghost (D:4)
  The ghost of WhiskeyPanda the Sneak, an amateur TrAs of Fedhas (D:3)
  An ogre (D:4)
  A water moccasin zombie (D:5)
  A crimson imp (D:5)
  A giant frog skeleton (D:5)
  A gnoll shaman (D:5)
  2 worker ants
  An iguana (D:5)
  An orc wizard (D:3)
  A hound skeleton (D:4)
  4 gnolls (D:5)
  3 adders
  2 oozes (D:2)
  2 adder skeletons
  4 worms
  3 dart slugs
  3 giant geckos
  11 orcs
  A ball python (D:5)
  4 bats
  2 giant cockroaches
  8 goblins
  8 hobgoblins
  6 kobolds
  4 quokkas
  A giant newt (D:2)
  7 rats
85 creatures vanquished.

Notes
Turn   | Place    | Note
--------------------------------------------------------------
     0 | D:1      | WhiskeyPanda the Gargoyle Monk began the quest for the Orb.
     0 | D:1      | Reached XP level 1. HP: 14/14 MP: 1/1
   220 | D:1      | Reached XP level 2. HP: 19/19 MP: 2/2
   515 | D:1      | Reached XP level 3. HP: 23/24 MP: 3/3
   849 | D:2      | Reached skill level 4 in Fighting
   897 | D:2      | Reached XP level 4. HP: 21/29 MP: 4/4
  1670 | D:3      | Reached skill level 1 in Armour
  1820 | D:3      | Reached XP level 5. HP: 28/33 MP: 5/5
  1896 | D:3      | Found a faded altar to an unknown god.
  1903 | D:3      | Noticed WhiskeyPanda's ghost (amateur TrAs)
  1919 | D:3      | Killed WhiskeyPanda's ghost
  1919 | D:3      | Reached XP level 6. HP: 20/39 MP: 6/6
  1947 | D:3      | Became a worshipper of Dithmenos the Shadowed
  1947 | D:3      | Reached * piety under Dithmenos
  1947 | D:3      | Reached ** piety under Dithmenos
  2196 | D:3      | Reached *** piety under Dithmenos
  2311 | D:3      | Found a blossoming altar of Fedhas.
  2815 | D:4      | Reached skill level 1 in Axes
  3311 | D:4      | Noticed a hungry ghost
  3319 | D:4      | Killed a hungry ghost
  3319 | D:4      | Reached skill level 1 in Throwing
  3319 | D:4      | Reached XP level 7. HP: 24/44 MP: 7/7
  3570 | D:5      | Entered Level 5 of the Dungeon
  3585 | D:5      | Reached skill level 1 in Shields
  3969 | D:5      | Got a twitching platinum ring
  4070 | D:5      | Reached skill level 5 in Fighting
  4547 | D:5      | Splashed by a jelly's acid

Skill      XL: |  1  2  3  4  5  6  7 |
---------------+----------------------+-----
Fighting       | 4 5 |  5.0
Armour         | 1 2 3 |  3.7
Dodging        | 3 4 |  4.3
Axes           | 1 |  1.6
Throwing       | 1 |  1.4
Stealth        | 3 |  3.3
Shields        | 1 |  1.9
Short Blades   | |  0.5
Unarmed Combat | |  4.6

Action                   |  1- 3 |  4- 6 |  7- 9 || total
-------------------------+-------+-------+-------++-------
Melee: Unarmed           |    16 |       |       ||    16
       Punch             |     4 |     2 |       ||     6
       Dagger            |   114 |    15 |       ||   129
       Hand axe          |       |   146 |    48 ||   194
       Short sword       |       |       |   187 ||   187
Throw: Javelin           |     6 |    15 |    15 ||    36
  Use: Scroll            |     1 |     9 |     5 ||    15
 Stab: Sleeping          |       |     2 |     1 ||     3
       Distracted        |       |     1 |       ||     1
  Eat: Fruit             |     1 |     4 |       ||     5
       Bread ration      |       |     1 |     1 ||     2
Armor: Robe              |    13 |       |       ||    13
       Ring mail         |    17 |    72 |    97 ||   186
Dodge: Dodged            |    67 |    91 |   104 ||   262
Block: Shield            |       |    11 |    88 ||    99
